Map: [ESL] Hard Lead

Players

LiquidClem (Clem) - Winner!

  • Race: Terran Terran
  • League: Grandmaster
  • Spawn Location: 11:00

RedpackCuKu (CuKu)

  • Race: Terran Terran
  • League: Master
  • Spawn Location: 5:00

Event: HomeStory Cup XXIV

VOD

Have the link to the VOD?

Description

Time

  • Played on: Dec. 1, 2023, 1:30 p.m.
  • Length: 11:29

All games in this series

Show
View Real Time Build Order
Export as new Build Order

LiquidClem Terran - Winner!

Build Orders: Cyclone Opening 

Get SALT Encoding   

  12  0:00  SCV  
  13  0:12  SCV  
  14  0:17  Supply Depot  
  14  0:24  SCV  
  15  0:38  SCV  
  15  0:39  Barracks  
  16  0:43  Refinery  
  16  0:50  SCV  
  16  0:52  Refinery  
  17  1:03  SCV  
  18  1:15  SCV  
  19  1:27  Orbital Command, Reaper  
  19  1:28  Supply Depot  
  20  1:39  Factory  
  20  1:52  SCV  
  21  1:59  Reaper  
  22  2:04  SCV  
  23  2:19  Command Center  
  23  2:21  SCV  
  24  2:28  Cyclone  
  26  2:33  SCV  
  27  2:40  Starport  
  27  2:45  SCV  
  27  2:49  Supply Depot  
  28  2:52  Barracks Reactor  
  28  2:58  SCV  
  28  3:08  Cyclone  
  28  3:10  SCV  
  30  3:17  Medivac  
  32  3:22  SCV  
  32  3:24  Refinery  
  33  3:28  Marine x2  
  33  3:32  Orbital Command  
  35  3:34  SCV  
  36  3:41  Supply Depot  
  36  3:46  SCV  
  36  3:54  Cyclone  
  36  3:55  Cyclone  
  39  3:58  SCV  
  39  3:59  SCV  
  40  4:05  Starport Tech Lab  
  40  4:10  SCV  
  40  4:11  SCV  
  42  4:22  SCV  
  42  4:23  SCV  
  44  4:25  Raven, Interference Matrix  
  44  4:27  Cyclone  
  48  4:31  Cyclone  
  48  4:34  Barracks Tech Lab, SCV  
  48  4:35  SCV  
  52  4:46  SCV  
  52  4:48  SCV  
  54  4:56  Supply Depot  
  54  4:59  SCV  
  55  5:00  SCV  
  55  5:06  Raven  
  58  5:07  Command Center  
  58  5:08  Cyclone  
  58  5:11  SCV  
  58  5:12  SCV  
  62  5:17  Cyclone, Supply Depot  
  64  5:23  SCV  
  64  5:28  Barracks x2  
  65  5:30  SCV  
  65  5:31  Marine  
  65  5:35  SCV  
  68  5:45  SCV  
  68  5:49  Marine, Engineering Bay  
  66  5:50  Stimpack, Engineering Bay  
  66  5:52  Refinery  
  66  5:56  SCV  
  67  5:58  SCV  
  67  6:02  Starport Reactor, Supply Depot  
  68  6:06  Marine  
  68  6:11  Barracks  
  69  6:12  Barracks, SCV  
  69  6:17  SCV  
  71  6:21  Orbital Command, Barracks Reactor  
  71  6:22  Siege Tank  
  71  6:24  SCV  
  75  6:27  Terran Infantry Weapons Level 1  
  75  6:29  Terran Infantry Armor Level 1  
  75  6:30  SCV  
  76  6:35  Marine x3  
  76  6:37  SCV  
  80  6:42  Liberator, SCV  
  80  6:44  Orbital Command  
  80  6:46  Supply Depot  
  80  6:47  Medivac  
  86  6:49  SCV  
  86  6:54  Marine x2  
  87  6:55  SCV  
  87  6:58  Siege Tank  
  87  7:01  Barracks Reactor x2, SCV  
  94  7:07  Supply Depot, Marine, SCV  
  96  7:09  Marine  
  96  7:11  SCV  
  96  7:13  SCV  
  96  7:15  Marine x2  
  99  7:17  Armory  
  102  7:23  Supply Depot, SCV  
  102  7:24  Marine, Medivac  
  102  7:25  Marine, SCV  
  102  7:27  Marine  
  102  7:29  Sensor Tower  
  108  7:31  Refinery  
  108  7:32  Refinery  
  108  7:33  SCV, Marine  
  108  7:35  SCV  
  111  7:37  Marine, SCV  
  111  7:39  Supply Depot  
  111  7:41  Marine  
  111  7:42  Marine x3  
  117  7:45  Marine  
  117  7:46  Siege Tank  
  116  7:54  SCV x3  
  116  7:55  Medivac  
  116  7:58  Marine  
  119  7:59  Marine, Medivac  
  119  8:00  Marine  
  119  8:03  Marine  
  125  8:05  Supply Depot  
  125  8:08  SCV  
  125  8:09  Marine  
  125  8:10  Marine x4  
  131  8:13  Combat Shield  
  131  8:16  Marine  
  131  8:18  SCV  
  131  8:19  Supply Depot  
  133  8:24  Supply Depot  
  133  8:26  SCV x2, Marine x3  
  138  8:27  Marine  
  138  8:30  SCV  
  138  8:32  Marine x2  
  135  8:34  Terran Infantry Armor Level 2  
  135  8:35  Marine x2  
  135  8:36  Marine  
  135  8:40  SCV, Medivac  
  134  8:44  Marine  
  134  8:45  Terran Infantry Weapons Level 2  
  134  8:46  Marine  
  132  8:49  SCV  
  132  8:50  Marine  
  132  8:51  Marine x2  
  132  8:52  SCV  
  132  8:55  Marine x4  
  137  8:59  Siege Tank  
  144  9:04  Marine, Medivac  
  147  9:12  Marine  
  147  9:15  Factory  
  147  9:16  Command Center  
  145  9:23  Marine x2  
  145  9:24  Marine  
  143  9:25  Marine x2  
  143  9:29  Marine x2  
  130  9:31  Siege Tank  
  130  9:34  SCV x2  
  130  9:35  SCV  
  130  9:36  Medivac  
  130  9:37  Marine x2  
  111  9:41  Marine x3  
  105  9:46  SCV, Marine  
  105  9:47  Marine  
  105  9:48  Marine  
  105  9:51  Liberator  
  110  9:53  Marine  
  110  9:56  Marine  
  110  9:57  Marine  
  110  9:59  Marine  
  114  10:01  Marine x2  
  114  10:04  Marine  
  114  10:05  Marine  
  114  10:06  SCV, Marine  
  120  10:07  SCV  
  120  10:08  SCV  
  120  10:10  Marine  
  117  10:15  Marine  
  117  10:18  SCV  
  117  10:19  Siege Tank  
  117  10:20  Marine  
  123  10:22  Marine  
  123  10:24  Marine x2  
  123  10:31  Marine x3  
  123  10:34  Marine  
  125  10:46  Marine x2  
  125  10:48  Marine  
  125  10:49  Marine x3  
  130  10:51  Marine x2  
  133  11:01  Marine  
  133  11:03  Marine  
  138  11:10  Marine  
Show
View Real Time Build Order
Export as new Build Order

RedpackCuKu Terran 

Build Orders:  

Get SALT Encoding   

  12  0:00  SCV  
  13  0:12  SCV  
  14  0:17  Supply Depot  
  14  0:24  SCV  
  15  0:39  SCV  
  15  0:41  Barracks  
  16  0:45  Refinery  
  16  0:51  Refinery  
  16  0:52  SCV  
  17  1:04  SCV  
  18  1:16  SCV  
  19  1:28  Reaper  
  19  1:29  Orbital Command  
  20  1:33  Supply Depot  
  20  1:43  Factory  
  20  1:55  SCV  
  20  2:00  Barracks Reactor  
  21  2:07  SCV  
  22  2:19  SCV  
  22  2:22  Command Center  
  23  2:28  Hellion  
  25  2:32  SCV  
  26  2:39  Reaper x2  
  28  2:44  SCV  
  28  2:47  Supply Depot  
  28  2:53  Hellion  
  28  2:56  SCV  
  30  3:05  Starport  
  30  3:09  SCV  
  31  3:14  Marine x2  
  33  3:20  Factory Tech Lab  
  33  3:22  SCV  
  34  3:33  Marine x2  
  36  3:34  SCV  
  37  3:44  Starport Tech Lab  
  37  3:45  Siege Tank  
  37  3:46  SCV  
  40  3:50  Orbital Command  
  39  3:59  SCV  
  39  4:00  Marine  
  39  4:01  Marine  
  40  4:06  Raven  
  41  4:11  SCV  
  41  4:16  SCV  
  43  4:18  Marine x2  
  43  4:21  Siege Tank  
  43  4:23  SCV  
  47  4:28  SCV, Supply Depot  
  48  4:35  SCV  
  48  4:36  Marine  
  50  4:45  SCV  
  52  4:51  Starport Reactor, SCV  
  50  4:57  SCV  
  50  5:00  Barracks  
  50  5:01  Barracks  
  50  5:06  SCV, Engineering Bay  
  51  5:08  Stimpack, Marine  
  51  5:09  Siege Tank  
  50  5:23  SCV  
  50  5:26  SCV  
  50  5:27  Refinery  
  52  5:33  Terran Infantry Weapons Level 1, Supply Depot  
  52  5:35  SCV  
  53  5:38  SCV  
  53  5:39  Marine  
  50  5:47  SCV  
  45  5:50  Marine x2  
  45  5:51  SCV  
  45  5:52  Starport Reactor  
  45  5:55  Marine  
  45  5:56  Marine  
  50  5:57  Marine  
  50  5:59  SCV  
  50  6:00  Siege Tank  
  50  6:03  SCV  
  56  6:08  Marine x2  
  56  6:10  Barracks  
  58  6:11  SCV  
  58  6:13  Marine  
  58  6:16  Barracks  
  59  6:19  Marine x2  
  59  6:22  SCV  
  60  6:25  Marine x2  
  60  6:30  SCV  
  60  6:31  Marine  
  64  6:35  SCV  
  64  6:36  Supply Depot  
  64  6:38  Supply Depot  
  65  6:42  Medivac x2  
  65  6:45  Supply Depot  
  69  6:47  SCV  
  69  6:49  Combat Shield  
  70  6:57  Marine x3  
  70  6:58  SCV, Marine x3  
  77  7:03  Marine  
  77  7:04  Siege Tank  
  81  7:10  Supply Depot  
  81  7:15  Marine x2  
  81  7:17  Marine x3  
  81  7:19  Medivac  
  81  7:20  Medivac  
  90  7:23  Marine x2  
  92  7:33  Marine x2  
  92  7:34  Marine  
  92  7:35  Marine x2  
  97  7:41  Marine x2  
  97  7:42  Terran Infantry Armor Level 1  
  99  7:51  Marine x2  
  99  7:52  Marine  
  102  8:04  Supply Depot  
  102  8:05  Supply Depot  
  102  8:13  Marine x7  
  99  8:24  Siege Tank  
  102  8:31  Marine x7  
  92  8:48  Marine x7  
  99  8:56  Siege Tank  
  102  9:06  Marine x7  
  104  9:24  Marine x7  
  104  9:25  Orbital Command  
  104  9:28  Siege Tank  
  83  9:42  Marine x7  
  76  10:00  Marine x7  
  76  10:02  Medivac x2  
  84  10:10  Siege Tank  
  86  10:17  Marine x7  
  90  10:35  Marine x7  
  94  10:53  Marine x6  
  94  10:54  Medivac x2  
  94  10:56  Marine  
  105  11:11  Marine x4  
Tags
 
Add a new tag
Caveats
  • Supply blocks, unpowered buildings, or Contaminate may cause inaccurate times.
  • Supply counts are checked every 10 seconds.